 Dungeon Crawl Stone Soup version 0.16-a0-3770-gc215ce9 (webtiles) character file.

333 Johnny the Ducker (level 6, -6/44 HPs)
             Began as an Octopode Fighter on Jan 24, 2015.
             Mangled by an orc priest
             ... wielding a +0 flail
              (10 damage)
             ... on level 4 of the Dungeon.
             The game lasted 00:04:19 (3457 turns).

Johnny the Ducker (Octopode Fighter)                Turns: 3457, Time: 00:04:20

Health: -6/44      AC:  4    Str: 15    XL:     6   Next: 52%
Magic:  6/6        EV: 12    Int: 10    God:
Gold:   134        SH:  9    Dex: 14    Spells: 0 memorised, 5 levels left

rFire  + . .     SeeInvis .     a - +0 long sword
rCold  . . .     Clarity  .     c - +0 shield
rNeg   . . .     SustAb   .     (helmet restricted)
rPois  .         Gourm    .     (no amulet)
rElec  .         Spirit   .     b - ring of protection from fire
rCorr  .         Warding  .     (no ring)
rMut   .         Stasis   .     (no ring)
MR     .....                    (no ring)
Stlth  ++........               (no ring)
                                (no ring)
                                (no ring)
                                (no ring)

@: slowed, very slow, not resistant to hostile enchantments, unstealthy
A: almost no armour, amphibious, 8 rings, constrict 8, rugged brown scales 1,
yellow scales 1, camouflage 1, gelatinous body 1, evolution 1
a: no special abilities


You were on level 4 of the Dungeon.
You were hungry.

You visited 1 branch of the dungeon, and saw 4 of its levels.

You collected 134 gold pieces.

Inventory:

Hand weapons
 a - a +0 long sword (weapon)
 f - a +1 dagger of flaming
Armour
 c - a +0 shield (worn)
Jewellery
 b - a ring of protection from fire (left tentacle)
 o - a +3 ring of protection {unknown}
Scrolls
 e - a scroll of random uselessness {unknown}
 g - 3 scrolls of remove curse {unknown}
 j - 2 scrolls of enchant armour {unknown}
 l - a scroll of blinking {unknown}
 m - a scroll of recharging {unknown}
 n - a scroll of amnesia {unknown}
 p - a scroll of magic mapping {unknown}
 r - a scroll of identify {unknown}
 s - a scroll of fear {unknown}
Comestibles
 d - a bread ration
 h - 3 meat rations
 q - a beef jerky


   Skills:
 + Level 4.0 Fighting
 + Level 3.2 Long Blades
 * Level 4.8 Dodging
 * Level 4.6 Shields


You had 5 spell levels left.
You didn't know any spells.

Dungeon Overview and Level Annotations

Branches:
Dungeon (4/15)
 Temple: D:4-7

Altars:
Cheibriados
Dithmenos
Fedhas
Nemelex Xobeh
Qazlal
Xom
The Shining One


Innate Abilities, Weirdness & Mutations

You cannot wear most types of armour.
You are amphibious.
You can wear up to eight rings at the same time.
You can use your tentacles to constrict many enemies at once.
Your skin changes colour to match your surroundings (Stealth).
Your rubbery body absorbs attacks (AC +1).
You are partially covered in rugged brown scales (AC +1, +3% HP).
You are partially covered in yellow scales (AC +2).
You evolve.


Message History

The worker ant closely misses you.
Unknown command.
Drink which item? (? for menu, Esc to quit)
It was a potion of mutation.
You feel extremely strange.
Yellow scales grow over part of your body.
Rugged brown scales grow over part of your body.
You constrict the orc wizard. You block the orc wizard's attack.
The orc priest barely misses you. The worker ant bites you.
* * * LOW HITPOINT WARNING * * *
The orc wizard gestures wildly while chanting.
The orc wizard struggles to blink free from constriction.
Unknown command.
You slash the orc priest! You grab the orc priest.
The orc priest is heavily wounded.
You constrict the orc priest. You constrict the orc wizard.
You block the worker ant's attack. The orc priest barely misses you.
The orc wizard mumbles some strange words.
The orc wizard seems to speed up.
You block the worker ant's attack. The orc priest hits you with a flail!
You die...

#.####.....#......#.)#)##.###.
#.####.... #....#.............
#.#....#####....#....#.#..###.
#..............[.......#..# #.
###.#....#####....#.....##..#
#. #........# #.......... #..#
## #........# #....#..... #.##
#........#####..a.#..... ..
###.#####>.....@o....... ..
#.# ######..o.#..... #.#
........... #( .............
#......##.#..## .####.. .....
### .#.. .#.


You could see a worker ant, an orc priest and an orc wizard.

Vanquished Creatures
  An orc priest (D:3)
  4 orc wizards
  10 adders
  A worm (D:3)
  4 giant geckos
  2 oozes
  16 orcs
  6 ball pythons (D:2)
  9 bats
  8 giant cockroaches
  6 goblins
  9 hobgoblins
  3 quokkas
  4 giant newts
  8 kobolds
  A quokka skeleton (D:4)
  8 rats
100 creatures vanquished.

Notes
Turn   | Place    | Note
--------------------------------------------------------------
     0 | D:1      | Johnny, the Octopode Fighter, began the quest for the Orb.
     0 | D:1      | Reached XP level 1. HP: 16/16 MP: 1/1
   242 | D:1      | Reached XP level 2. HP: 17/21 MP: 2/2
   730 | D:1      | Reached XP level 3. HP: 23/26 MP: 3/3
  1200 | D:2      | Reached XP level 4. HP: 26/31 MP: 4/4
  1637 | D:2      | Found a stormy altar of Qazlal.
  1892 | D:2      | Reached skill level 4 in Dodging
  2123 | D:3      | Reached XP level 5. HP: 23/36 MP: 5/5
  2287 | D:3      | Reached XP level 6. HP: 19/43 MP: 6/6
  2796 | D:3      | Found a shimmering altar of Xom.
  2796 | D:3      | Found a sparkling altar of Nemelex Xobeh.
  2798 | D:3      | Found a snail-covered altar of Cheibriados.
  2804 | D:3      | Found a glowing golden altar of the Shining One.
  2809 | D:3      | Found a shadowy altar of Dithmenos.
  2814 | D:3      | Found a blossoming altar of Fedhas.
  3455 | D:4      | Gained mutation: You evolve. [potion of beneficial mutation]
  3456 | D:4      | Gained mutation: You are partially covered in yellow scales (AC +2). [potion of mutation]
  3456 | D:4      | Gained mutation: You are partially covered in rugged brown scales (AC +1, +3% HP). [potion of mutation]
  3457 | D:4      | Mangled by an orc priest

Action                   |  1- 3 |  4- 6 || total
-------------------------+-------+-------++-------
Melee: Long sword        |    62 |   167 ||   229
  Use: Potion            |       |     7 ||     7
 Stab: Sleeping          |     4 |     6 ||    10
       Distracted        |       |     2 ||     2
  Eat: Chunk             |       |     8 ||     8
